 Dungeon Crawl Stone Soup version 0.25.1-1-g288607f (webtiles) character file.

Game seed: 1741369733920796308

3037 RonnieColeman the Destroyer (level 9, -3/61 HPs)
             Began as an Octopode Conjurer on Sept 12, 2020.
             Was a Believer of Kikubaaqudgha.
             Slain by an ice beast (10 damage)
             ... on level 8 of the Dungeon.
             The game lasted 00:21:09 (8294 turns).

RonnieColeman the Destroyer (Octopode Conjurer)     Turns: 8294, Time: 00:21:10

Health: -3/61      AC:  5    Str:  7    XL:     9   Next: 86%
Magic:  0/22       EV: 13    Int: 21    God:    Kikubaaqudgha [**....]
Gold:   655        SH:  0    Dex: 12    Spells: 18/27 levels left

rFire    . . .     SeeInvis .   q - +1 spear (venom)
rCold    . . .     Gourm    .   (no shield)
rNeg     . . .     Faith    .   (helmet restricted)
rPois    +         Spirit   +   c - amulet of guardian spirit
rElec    .         Reflect  .   e - ring of poison resistance
rCorr    .         Harm     .   j - +4 ring of protection
MR       .....                  (no ring)
Stlth    +++.......             (no ring)
HPRegen  0.20/turn              (no ring)
MPRegen  0.18/turn              (no ring)
                                (no ring)
                                (no ring)

@: lethally poisoned (-3 -> -7), slowed, very slow
A: almost no armour, stealthy swim, amphibious, 8 rings, constrict 8, camouflage
1, gelatinous body 1
a: Receive Corpses, Renounce Religion


You were on level 8 of the Dungeon.
You worshipped Kikubaaqudgha.
Kikubaaqudgha was pleased with you.
You were not hungry.

You visited 1 branch of the dungeon, and saw 8 of its levels.

You collected 665 gold pieces.
You spent 10 gold pieces at shops.

Inventory:

Hand Weapons
 q - a +1 spear of venom (weapon)
 u - a +2 flail of holy wrath
Jewellery
 c - an amulet of guardian spirit (around mantle)
 e - a ring of poison resistance (left tentacle)
 j - a +4 ring of protection (right tentacle)
Wands
 o - a wand of random effects (57)
 v - a wand of clouds (1)
Scrolls
 a - 4 scrolls of teleportation
 k - 5 scrolls of identify
 l - a scroll of remove curse
 m - a scroll of immolation
 r - a scroll of silence
 s - a scroll of enchant weapon
Potions
 d - a potion of lignification
 f - a potion of might
 g - a potion of magic
 h - 2 potions of heal wounds
 i - 9 potions of curing
 n - a potion of haste
 p - a potion of invisibility
 t - a potion of resistance {unknown}
Comestibles
 b - 10 rations
 w - 14 chunks of flesh


   Skills:
 - Level 5.0 Fighting
 - Level 2.0 Dodging
 - Level 2.6 Stealth
 + Level 9.5 Spellcasting
 + Level 10.8 Conjurations
 - Level 5.5 Necromancy


You had 18 spell levels left.
You knew the following spells:

 Your Spells              Type           Power        Failure   Level  Hunger
a - Magic Dart            Conj           ####         1%          1    None
b - Searing Ray           Conj           ######       1%          2    None
c - Iskenderun's Mystic   Conj/Tloc      ####....     8%          4    ##.....
m - Sublimation of Blood  Necr           ####......   1%          2    None

Your spell library contained the following spells:

 Spells                   Type           Power        Failure   Level  Hunger
 Animate Skeleton         Necr           N/A          1%          1    None
 Pain                     Necr           ####         1%          1    None
 Dazzling Flash           Conj/Hex       ####..       2%          3    None
 Vampiric Draining        Necr           ####......   2%          3    None
 Fulminant Prism          Conj/Hex       ####......   8%          4    ##.....
 Confusing Touch          Hex            #.......     21%         3    None
 Gell's Gravitas          Tloc           #.........   21%         3    None
 Petrify                  Tmut/Erth      #.......     56%         4    ##.....
 Metabolic Englaciation   Hex/Ice        #.........   88%         5    ####...
 Yara's Violent Unravell  Hex/Tmut       #.........   88%         5    ####...


Dungeon Overview and Level Annotations

Branches:
Dungeon (8/15)             Temple (0/1) D:6
   Lair: D:8-11

Altars:
Cheibriados
Elyvilon
Fedhas
Kikubaaqudgha
Okawaru
Qazlal
Ru
Sif Muna
Trog
Zin

Shops:
D:4 !

Annotations:
D:6 3 runed translucent doors, kaikaun's ghost, novice GnCK


Innate Abilities, Weirdness & Mutations

You cannot wear most types of armour.
You are very stealthy in the water. (Stealth+)
You are amphibious.
You can wear up to eight rings at the same time.
You can use your tentacles to constrict eight enemies at once.
Your skin changes colour to match your surroundings (Stealth+).
Your rubbery body absorbs attacks. (AC +1, EV +1)


Message History

(Press . to maintain the ray.)
You feel sick. The ice beast closely misses you.
Casting: Searing Ray (safe; 1% risk of failure)
Confirm with . or Enter, or press ? or * to list all spells.
You don't have enough magic to cast that spell.
There are monsters nearby!
You feel sick.
The orc hits the plant but does no damage.
The ice beast hits you. The ice beast freezes you!
* * * LOW HITPOINT WARNING * * *
Things that are here:
a black bear corpse; a hound corpse You feel sick.
The orc hits the plant but does no damage.
The kobold hits the plant but does no damage.
You feel sick. The ice beast hits you.
* * * LOW HITPOINT WARNING * * *
The ice beast freezes you!
You die...
Kikubaaqudgha rasps: "You have failed me!
Welcome... death!" #...^....>...# .##.#.......[# K #..........## .o #####.#.....# .P. #........
PPP.

##....... .PP..
#######.......
..P..K#########............#
P..PPooK(oY@....#####.......
.P....########### #.......
P..P. #....... ..P. ##.....#
... ##...## .. ##### #


You could see an orc warrior, an ice beast, 2 orcs and 2 kobolds.

Vanquished Creatures
  A yak (D:8)
  A porcupine (D:8)
  A phantom (D:4)
  An orc warrior (D:6)
  3 black bears
  A crocodile (D:8)
  Blork the orc (D:5)
  2 bullfrogs (D:7)
  2 big kobolds
  2 scorpions
  A killer bee (D:5)
  2 vampire bats (D:3)
  A jelly (D:6)
  2 orc priests
  3 hounds
  Jessica (D:4)
  Ijyb (D:5)
  2 iguanas (D:5)
  3 orc wizards
  4 worker ants
  A hound skeleton (D:6)
  A worker ant zombie (D:5)
  5 adders
  4 gnolls (D:4)
  An adder skeleton (D:5)
  6 worms
  A dart slug (D:1)
  5 leopard geckos
  27 orcs
  4 bat skeletons (D:3)
  2 bat zombies (D:3)
  6 giant cockroaches
  6 goblins
  8 hobgoblins
  9 jackals (D:5)
  2 quokkas
  4 ball pythons
  3 bats
  3 frilled lizards
  A giant cockroach zombie (D:5)
  A jackal zombie (D:5)
  17 kobolds
  A leopard gecko zombie (D:7)
  8 rats
161 creatures vanquished.

Vanquished Creatures (others)
  Maurice (D:7)
  A leopard gecko (D:7)
  4 fungi (D:8)
  2 plants (D:8)
8 creatures vanquished.

Grand Total: 169 creatures vanquished

Notes
Turn   | Place    | Note
-------+----------+-------------------------------------------
     0 | D:1      | RonnieColeman the Octopode Conjurer began the quest for the
                  | Orb.
     0 | D:1      | Reached XP level 1. HP: 11/11 MP: 3/3
   310 | D:1      | Reached XP level 2. HP: 18/18 MP: 3/5
   491 | D:1      | Reached skill level 1 in Fighting
   817 | D:1      | Reached XP level 3. HP: 23/23 MP: 3/6
  1968 | D:2      | Reached XP level 4. HP: 14/29 MP: 8/8
  3029 | D:3      | Reached XP level 5. HP: 22/34 MP: 9/9
  3358 | D:3      | Found an ancient bone altar of Kikubaaqudgha.
  3365 | D:3      | Reached skill level 5 in Conjurations
  3440 | D:3      | Became a worshipper of Kikubaaqudgha
  3640 | D:3      | Found an iron altar of Okawaru.
  3649 | D:3      | Found a glowing silver altar of Zin.
  3672 | D:3      | Found a snail-covered altar of Cheibriados.
  3816 | D:4      | Reached XP level 6. HP: 19/42 MP: 5/11
  4437 | D:4      | Learned a level 2 spell: Searing Ray
  4725 | D:4      | Noticed Jessica
  4737 | D:4      | Killed Jessica
  4740 | D:4      | Found a shimmering blue altar of Sif Muna.
  4921 | D:4      | Noticed a phantom
  4930 | D:4      | Killed a phantom
  4930 | D:4      | Reached XP level 7. HP: 42/48 MP: 1/13
  5048 | D:4      | Found Lola's Distillery.
  5053 | D:4      | You fall into a shaft and drop 3 floors!
  5070 | D:7      | Reached skill level 6 in Conjurations
  5204 | D:6      | Found a runed translucent gate.
  5204 | D:6      | Found a runed translucent gate.
  5205 | D:6      | Found a runed translucent gate.
  5206 | D:6      | Noticed kaikaun's ghost (novice GnCK)
  5370 | D:6      | Found a white marble altar of Elyvilon.
  5463 | D:5      | Entered Level 5 of the Dungeon
  5730 | D:5      | Noticed Blork the orc
  5736 | D:5      | Killed Blork the orc
  5877 | D:5      | Reached * piety under Kikubaaqudgha
  5877 | D:5      | Identified Kikubaaqudgha's Collected Works on Necromancy
                  | (Kikubaaqudgha gifted it to you on level 5 of the Dungeon)
  5877 | D:5      | Received a gift from Kikubaaqudgha
  5879 | D:5      | Reached XP level 8. HP: 51/54 MP: 1/15
  5879 | D:5      | Reached skill level 5 in Spellcasting
  5899 | D:5      | Learned a level 2 spell: Sublimation of Blood
  6064 | D:5      | Reached skill level 5 in Fighting
  6178 | D:5      | Noticed Ijyb
  6187 | D:5      | Killed Ijyb
  6430 | D:5      | Found a blossoming altar of Fedhas.
  6584 | D:5      | Reached skill level 1 in Necromancy
  6635 | D:4      | Bought a potion of degeneration for 10 gold pieces
  6737 | D:4      | Found a bloodstained altar of Trog.
  6744 | D:4      | Reached skill level 10 in Conjurations
  6744 | D:4      | Reached skill level 5 in Necromancy
  6744 | D:4      | Reached XP level 9. HP: 61/61 MP: 15/22
  6750 | D:4      | Learned a level 4 spell: Iskenderun's Mystic Blast
  6963 | D:6      | Found a staircase to the Ecumenical Temple.
  7499 | D:7      | Found a stormy altar of Qazlal.
  7557 | D:7      | Reached ** piety under Kikubaaqudgha
  7803 | D:7      | Found a sacrificial altar of Ru.
  7887 | D:8      | Noticed Maurice
  7940 | D:7      | Killed Maurice
  8294 | D:8      | Slain by an ice beast

Illustrated notes

Levels and vault maps discovered:
D:1:      mrwooster_arrival_statue_3, layout_basic, hangedman_decor_riveting
D:2:      layout_loops_ring
D:3:      layout_rooms, nicolae_overflow_hidden_temple, zin_scriptorium,
          cheibriados_altar_1, kennysheep_vampire_church
D:4:      minmay_general_purpose_star, layout_basic, lightli_temple_of_fire,
          serial_forest, infiniplex_forest_clump_long,
          infiniplex_forest_lined_2, infiniplex_forest_lined_1,
          infiniplex_forest_clump_long, infiniplex_forest_end_3,
          infiniplex_forest_straight_4, infiniplex_forest_lined_room_3,
          infiniplex_forest_lined_room_3, serial_shops, shop, tgw_sif
D:5:      layout_basic, kennysheep_mini, first_ration,
          chequers_serial_rivers_room_a, minmay_chambers_of_fives,
          uniq_blork_the_orc, uniq_ijyb
D:6:      layout_basic, elyvilon_altar_1, minmay_temple_entry_crystal_x,
          gammafunk_ghost_split
D:7:      minmay_klotski, layout_basic, nicolae_qazlal_style_of_elements,
          kennysheep_mini_moat
D:8:      layout_rooms, gammafunk_temple_overflow_elements,
          due_lair_maze_entry_diamond, hangedman_decor_push,
          minmay_misc_feat_tiny, uniq_harold, uniq_maurice, uniq_psyche

Skill      XL: |  1  2  3  4  5  6  7  8 |
---------------+-------------------------+-----
Fighting       | 1 2 3 4 5 |  5.0
Spellcasting   | 3 4 9 |  9.5
Conjurations   | 5 6 10 | 10.8
Necromancy     | 5 |  5.5
Dodging        | |  2.0
Stealth        | |  2.6

Action                   |  1- 3 |  4- 6 |  7- 9 || total
-------------------------+-------+-------+-------++-------
Melee: Dagger            |    61 |    11 |       ||    72
       Unarmed           |     4 |       |       ||     4
       Constrict         |    12 |    20 |    30 ||    62
       Tentacles         |     6 |    10 |    15 ||    31
       Spear             |       |    89 |   123 ||   212
       Halberd           |       |     4 |       ||     4
 Cast: Magic Dart        |    54 |    65 |    41 ||   160
       Searing Ray       |       |     9 |    51 ||    60
       Iskenderun's Myst |       |       |     2 ||     2
  Use: Scroll            |       |     7 |     8 ||    15
       Potion            |       |       |     1 ||     1
 Stab: Sleeping          |     4 |     7 |    10 ||    21
  Eat: Chunk             |     4 |     8 |    12 ||    24
Armor: Skin              |     4 |    37 |    45 ||    86
Dodge: Dodged            |    30 |    77 |    95 ||   202
